 Dungeon Crawl Stone Soup version 0.30-a0-989-g0d87f670db (webtiles) character file.

Game seed: 7460425375411624658

2 DeathPants the Grave Robber (level 1, 0/9 HPs)
             Began as a Vine Stalker Necromancer on Apr 2, 2023.
             Constricted to death by a ball python (1 damage)
             ... on level 1 of the Dungeon.
             The game lasted 00:00:29 (33 turns).

DeathPants the Grave Robber (VSNe)                    Turns: 33, Time: 00:00:29

Health: 0/9        AC:  2    Str: 10    XL:     1   Next: 40%
Magic:  0/4        EV:  9    Int: 15    God:
Gold:   0          SH:  0    Dex: 14    Spells: 3/4 levels left

rFire   . . .      SeeInvis .    c - +0 dagger
rCold   . . .      Faith    .    (no shield)
rNeg    . . .      Spirit   +    a - +0 robe
rPois   .          Reflect  .    (no helmet)
rElec   .          Rampage  .    (no cloak)
rCorr   .                        (no gloves)
Will    .....                    (no boots)
Stlth   ++                       (no amulet)
HPRegen 0.21/turn                (no ring)
MPRegen 0.09/turn                (no ring)

@: constricted
A: fangs 2, magic shield, antimagic bite, no potion heal 2
a: no special abilities


You were on level 1 of the Dungeon.
You visited 1 branch of the dungeon, and saw 1 of its levels.

Inventory:

Hand Weapons
 c - a +0 dagger (weapon)
Armour
 a - a +0 robe (worn)
Potions
 b - a potion of magic


   Skills:
 + Level 0.2 Fighting
 - Level 1.5 Dodging
 - Level 2.4 Stealth
 + Level 2.2 Spellcasting
 + Level 4.0 Necromancy


You had 3 spell levels left.
You knew the following spells:

 Your Spells              Type           Power      Damage    Failure   Level
a - Necrotise             Necr           52%        1d6       4%          1

Your spell library contained the following spells:

 Spells                   Type           Power      Damage    Failure   Level
 Vampiric Draining        Necr           13%        2d6       12%         3
 Animate Dead             Necr           13%        N/A       38%         4
 Agony                    Necr           13%        N/A       75%         5


Dungeon Overview and Level Annotations

Branches:
Dungeon (1/15)

Altars:


Innate Abilities, Weirdness & Mutations

You have extremely sharp teeth.
When hurt, damage is shared between your health and your magic reserves.
Your bite disrupts and absorbs the magic of your enemies.
Potions cannot restore your health.


Message History

The ball python barely misses you. The ball python closely misses you.
The ball python bites you but does no damage.
The ball python barely misses you.
The ball python attacks as you move away!
The ball python bites you. The ball python closely misses you.
c - a +0 dagger (weapon)
The rat closely misses you.
You hit the rat but do no damage.
Your kobold skeleton barely misses the rat.
The rat bites you.
You hit the rat but do no damage.
Your kobold skeleton hits the rat.
The rat bites you.
You hit the rat.
You kill the rat!
Your kobold skeleton barely misses the ball python.
You barely miss the ball python. The ball python bites you.
The ball python grabs you. The ball python constricts you.
The ball python completely misses you. The ball python constricts you.
* * * LOW HITPOINT WARNING * * *
You closely miss the ball python. Your bite misses the ball python.
Your kobold skeleton hits the ball python.
The ball python closely misses you. The ball python constricts you.
* * * LOW HITPOINT WARNING * * *
You barely miss the ball python.
The ball python is moderately wounded.
The ball python bites you but does no damage.
The ball python constricts you.
Your kobold skeleton hits the ball python.
You don't have enough magic to cast this spell.
You don't have enough magic to cast this spell.
You barely miss the ball python.
The ball python is severely wounded.
The ball python barely misses you. The ball python constricts you.
Your kobold skeleton barely misses the ball python.
You hit the ball python but do no damage.
The ball python is severely wounded.
The ball python bites you.
* * * LOW HITPOINT WARNING * * *
The ball python constricts you.
You die...

# .# ..# #..# #...
#. ####Z#.#..# #.
#.@S.......
#####.###.##.#.#>.#
#.#.#.#.#.#.#..
#.#.#.#.#.# ....
#.#.~~~~~.#.# ..#..
#.#≈...≈#.#.......
#.≈...≈.#.#...###
#.#≈.<.≈#.#.##.#
#.#.≈≈≈≈≈.#.## #


You could see a ball python (ally target) and a friendly kobold skeleton.

Vanquished Creatures
  A quokka (D:1)
  A kobold (D:1)
  A rat (D:1)
3 creatures vanquished.

Notes
Turn   | Place    | Note
-------+----------+-------------------------------------------
     0 | D:1      | DeathPants the Vine Stalker Necromancer began the quest for
                  | the Orb.
     0 | D:1      | Reached XP level 1. HP: 9/9 MP: 4/4
    33 | D:1      | Constricted to death by a ball python

Illustrated notes

Levels and vault maps discovered:
D:1:      ncdulo_watergridlock, layout_loops_ring

Action                     || total
---------------------------++-------
  Melee: Dagger            ||     8
   Cast: Necrotise         ||     2
 Armour: Robe              ||     2
  Dodge: Dodged            ||     8

Table legend: (Time is in decaauts)
 A = Elapsed time spent in this place.
 B = Non-inter-level travel time spent in this place.
 C = Inter-level travel time spent in this place.
 D = Time resting spent in this place.
 E = Time spent auto-exploring this place.
 F = Levels seen in this place.
 G = Mean time per level.
                   A        B        C        D        E       F      G
               +--------+--------+--------+--------+--------+-----+--------+
         Total |     33 |     33 |      0 |      0 |      7 |   1 |   33.0 |
       Dungeon |     33 |     33 |      0 |      0 |      7 |   1 |   33.0 |
               +--------+--------+--------+--------+--------+-----+--------+

Top non-repeatable levels by time:
     D:1: 33 daAuts
